 Dungeon Crawl Stone Soup version 0.26-b1-32-g5d43845318 (webtiles) character file.

Game seed: 11988092372923746490

169 sanka the Chiller (level 5, -6/24 HPs)
             Began as a Spriggan Ice Elementalist on Jan 13, 2021.
             Mangled by Natasha (9 damage)
             ... on level 3 of the Dungeon.
             The game lasted 00:04:11 (3549 turns).

sanka the Chiller (Spriggan Ice Elementalist)       Turns: 3549, Time: 00:04:11

Health: -6/24      AC:  2    Str:  4    XL:     5   Next: 25%
Magic:  4/10       EV: 18    Int: 18    God:
Gold:   136        SH:  0    Dex: 16    Spells: 3/10 levels left

rFire    . . .     SeeInvis +   (weapon restricted)
rCold    . . .     Faith    .   (shield restricted)
rNeg     . . .     Spirit   .   a - +0 robe
rPois    .         Reflect  .   (helmet restricted)
rElec    .         Harm     .   (no cloak)
rCorr    .         Rampage  .   (gloves unavailable)
Will     .....                  (boots unavailable)
Stlth    +.........             d - amulet of the acrobat
HPRegen  0.08/turn              (no ring)
MPRegen  0.12/turn              j - ring of attention (curse)

@: very slightly contaminated, very quick
A: very small, unfitting armour, see invisible, speed 3
a: no special abilities


You were on level 3 of the Dungeon.
You visited 1 branch of the dungeon, and saw 3 of its levels.

You collected 136 gold pieces.


Innate Abilities, Weirdness & Mutations

You are very small and have problems with some larger weapons.
You are too small for most types of armour.
You have supernaturally acute eyesight. (SInv)
You cover ground extremely quickly.


   Skills:
 - Level 3.0 Dodging
 - Level 3.0 Stealth
 - Level 3.0 Spellcasting
 + Level 5.4 Ice Magic


You had 3 spell levels left.
You knew the following spells:

 Your Spells              Type           Power        Failure   Level
a - Ozocubu's Armour      Ice            22%          5%          3
y - Frozen Ramparts       Ice            44%          5%          3
z - Freeze                Ice            88%          1%          1

Your spell library contained the following spells:

 Spells                   Type           Power        Failure   Level
 Hailstorm                Conj/Ice       12%          47%         4
 Summon Ice Beast         Ice/Summ       12%          47%         4

Inventory:

Armour
 a - a +0 robe (worn)
Jewellery
 d - an amulet of the acrobat (around neck)
 j - a cursed ring of attention (right hand)
Wands
 k - a wand of flame (13)
Scrolls
 b - a scroll of amnesia {unknown}
 e - a scroll of magic mapping {unknown}
 f - a scroll of enchant armour {unknown}
 l - a scroll of identify {unknown}
Potions
 c - 4 potions of curing {unknown}
 g - a potion of resistance
 h - a potion of magic {unknown}
 i - a potion of lignification {unknown}
 m - a potion of heal wounds {unknown}

Dungeon Overview and Level Annotations

Branches:
Dungeon (3/15)

Altars:

Annotations:
D:3 Natasha

▒.........▒▒▒▒▒▒▒...▒...▒......
▒▒▒....▒▒.....▒▒▒..<.........
▒...▒▒▒.......▒▒▒...........
▒...▒▒....>....▒▒....▒....▒▒
▒.▒.▒▒.♣.....♣..).....(▒..(.
▒.▒.....)......▒▒)▒▒...▒.▒.. .
▒▒▒....♣5♣........▒....▒▒▒ ..
▒.....................▒. ▒.
▒<(♣£..ih♣.▒..▒......... ..
........>.................
▒▒▒.▒.......▒.............
▒.▒▒.....▒▒.............
▒▒.▒▒▒▒▒▒▒...▒▒......†..
▒......††. ▒.........
▒......... ▒.........


You could see Natasha (resistant) and a white imp (summoned).


Message History

The magic dart hits you.
* * * LOW HITPOINT WARNING * * *
Aiming: Freeze (safe; 1% risk of failure)
Aim: Natasha (heavily wounded, unusually resistant)
You miscast Freeze.
You are very lightly contaminated with residual magic.
Nothing appears to happen.
Natasha misses you.
Unknown command.
Aiming: Freeze (safe; 1% risk of failure)
Aim: Natasha (heavily wounded, unusually resistant)
You miscast Freeze.
Nothing appears to happen.
Natasha casts a spell.
Unknown command.
Aiming: Freeze (safe; 1% risk of failure)
Aim: Natasha (heavily wounded, unusually resistant) Natasha completely resists.
You freeze Natasha but do no damage. Natasha claws you.
* * * LOW HITPOINT WARNING * * *
The white imp gestures at you. The puff of frost misses you.
Aiming: Freeze (safe; 1% risk of failure)
Aim: Natasha (heavily wounded, unusually resistant) Natasha resists.
You freeze Natasha.
Natasha is severely wounded.
Natasha claws you!
You die...

Action                   |  1- 3 |  4- 6 || total
-------------------------+-------+-------++-------
Melee: Unarmed           |    13 |     6 ||    19
 Cast: Freeze            |    74 |    49 ||   123
 Stab: Sleeping          |     1 |       ||     1
Armor: Robe              |     8 |     1 ||     9
Dodge: Dodged            |    57 |    37 ||    94

Levels and vault maps discovered:
D:1:      amcnicky_arrival_double_pillar, layout_basic, serial_aquarium,
          aquarium_bridge_long_separate [aquarium_subvault_bridge,
          aquarium_subvault_wall, aquarium_subvault_bridge,
          aquarium_subvault_bridge, aquarium_subvault_bridge,
          aquarium_subvault_balcony], aquarium_bridge_square
          [aquarium_subvault_wall, aquarium_subvault_window,
          aquarium_subvault_wall, aquarium_subvault_bridge], aquarium_window_2,
          aquarium_window_corner, aquarium_view_2b, aquarium_view_2a,
          aquarium_pool_side, minivault_26, wad_floor_pattern_untrapped,
          minmay_tetromino_o2
D:2:      layout_basic
D:3:      layout_rooms, grunt_ministairs_10, chequers_big_river, uniq_natasha

Notes
Turn   | Place    | Note
-------+----------+-------------------------------------------
     0 | D:1      | sanka the Spriggan Ice Elementalist began the quest for the
                  | Orb.
     0 | D:1      | Reached XP level 1. HP: 9/9 MP: 5/5
   124 | D:1      | Reached skill level 3 in Spellcasting
   201 | D:1      | Reached XP level 2. HP: 10/13 MP: 1/7
  1237 | D:2      | Reached skill level 4 in Ice Magic
  1237 | D:2      | Reached XP level 3. HP: 16/16 MP: 4/8
  1365 | D:2      | Learned a level 3 spell: Frozen Ramparts
  1369 | D:2      | Learned a level 3 spell: Ozocubu's Armour
  2625 | D:3      | Reached XP level 4. HP: 21/21 MP: 7/9
  3080 | D:3      | Reached skill level 5 in Ice Magic
  3081 | D:3      | Reached XP level 5. HP: 21/24 MP: 5/10
  3235 | D:3      | Noticed Natasha
  3245 | D:3      | Killed Natasha
  3539 | D:3      | Noticed Natasha
  3549 | D:3      | Mangled by Natasha

Vanquished Creatures
  An orc priest (D:3)
  Natasha (D:3)
  4 adders
  2 worms
  A dart slug (D:1)
  4 leopard geckos
  3 orcs (D:3)
  5 ball pythons
  2 giant cockroaches
  9 goblins
  9 hobgoblins
  3 jackals (D:2)
  3 bats
  10 frilled lizards
  5 kobolds
  9 rats
71 creatures vanquished.

Vanquished Creatures (others)
  9 plants (D:3)
9 creatures vanquished.

Grand Total: 80 creatures vanquished

Table legend: (Time is in decaauts)
 A = Elapsed time spent in this place.
 B = Non-inter-level travel time spent in this place.
 C = Inter-level travel time spent in this place.
 D = Time resting spent in this place.
 E = Time spent auto-exploring this place.
 F = Levels seen in this place.
 G = Mean time per level.
                   A        B        C        D        E       F      G
               +--------+--------+--------+--------+--------+-----+--------+
         Total |   2904 |   2871 |     33 |   1579 |    893 |   3 |  968.0 |
       Dungeon |   2904 |   2871 |     33 |   1579 |    893 |   3 |  968.0 |
               +--------+--------+--------+--------+--------+-----+--------+

Top non-repeatable levels by time:
     D:2: 1228 daAuts
     D:1: 1088 daAuts
     D:3: 587 daAuts
